 Dungeon Crawl Stone Soup version 0.31-a0-263-ge8cad7f256 (webtiles) character file.

Game seed: 8248385715422068859

4729 dolemite99 the Mimic (level 10, 0/79 HPs)
             Began as a Gnoll Shapeshifter on July 14, 2023.
             Was an Initiate of Gozag.
             Slain by a troll (7 damage)
             ... on level 9 of the Dungeon.
             The game lasted 00:07:52 (8902 turns).

dolemite99 the Mimic (Gnoll Shapeshifter)           Turns: 8902, Time: 00:07:52

Health: 0/79       AC:  7    Str: 16    XL:     10   Next: 46%
Magic:  18/18      EV: 13    Int:  7    God:    Gozag
Gold:   708        SH:  0    Dex: 16    Spells: 19/19 levels left

rFire   . . .        a - +8 arc blade {discharge, rElec}
rCold   . . .        (no shield)
rNeg    . . .        k - +0 scale mail
rPois   .            (helmet currently unavailable)
rElec   +            (cloak currently unavailable)
rCorr   .            (gloves currently unavailable)
SInv    .            (boots currently unavailable)
Will    .....        (no amulet)
Stlth   ++           (no ring)
HPRegen 0.33/turn    (no ring)
MPRegen 0.16/turn

%: no passive effects
@: beast-form, gold aura
A: beast (slay +5), fangs 1, strong nose, distributed training
a: Begin Untransformation, Renounce Religion, Potion Petition, Call Merchant,
Bribe Branch


You were on level 9 of the Dungeon.
You worshipped Gozag.
Gozag was pleased with you.
You were a hulking beast.
You visited 1 branch of the dungeon, and saw 9 of its levels.
You also visited: Sewer.

You collected 819 gold pieces.
You paid 111 gold pieces to Gozag.

Inventory:

Hand Weapons
 a - the +8 arc blade (weapon) {discharge, rElec}
   (You acquired it on level 3 of the Dungeon)

   rElec:     It insulates you from electricity.
 e - a +1 dagger of venom
Missiles
 i - 2 javelins
 x - 6 datura-tipped darts
 H - 10 poisoned darts
Armour
 f - a +0 animal skin
 k - a +0 scale mail (worn)
 n - a +0 helmet
 r - a +2 pair of boots
Jewellery
 y - the amulet of Uskemne {Spirit Drain +Inv rN+ Str+7}
   (You found it on level 4 of the Dungeon)

   [amulet of guardian spirit]

   It causes incoming damage to be divided between your reserves of health and
   magic.
   Str:       It affects your strength (+7).
   rN:        It protects you from negative energy.
   +Inv:      It lets you turn invisible.
   Drain:     It drains your maximum health when unequipped.
Talismans
 c - a beast talisman
 D - a beast talisman
Wands
 b - a wand of flame (85)
 w - a wand of paralysis (9)
 E - a wand of light (11)
 F - a wand of polymorph (5)
Scrolls
 d - 5 scrolls of noise
 g - 4 scrolls of poison
 j - 3 scrolls of fear
 p - a scroll of enchant armour
 q - 8 scrolls of teleportation
 u - a scroll of fog
 G - 2 scrolls of identify {@r1}
Potions
 h - 2 potions of degeneration {unknown}
 l - a potion of mutation {unknown}
 m - 2 potions of cancellation
 o - 2 potions of magic {unknown}
 s - 5 potions of enlightenment
 t - 2 potions of heal wounds {unknown}
 v - 2 potions of attraction {unknown}
 z - 2 potions of brilliance {unknown}
 A - a potion of berserk rage {unknown}
 B - a potion of curing
 C - a potion of might {unknown}


   Skills:
 + Level 7.1 Fighting
 + Level 5.4 Short Blades
 + Level 5.4 Long Blades
 + Level 5.4 Axes
 + Level 5.4 Maces & Flails
 + Level 5.4 Polearms
 + Level 5.4 Staves
 + Level 5.4 Ranged Weapons
 + Level 5.4 Throwing
 + Level 5.4 Armour
 + Level 7.1 Dodging
 + Level 5.4 Stealth
 + Level 5.4 Shields
 + Level 7.1 Unarmed Combat
 + Level 5.4 Spellcasting
 + Level 4.4 Conjurations
 + Level 4.4 Hexes
 + Level 4.4 Summonings
 + Level 4.4 Necromancy
 + Level 4.4 Translocations
 + Level 4.4 Transmutations
 + Level 4.4 Fire Magic
 + Level 4.4 Ice Magic
 + Level 4.4 Air Magic
 + Level 4.4 Earth Magic
 + Level 4.4 Poison Magic
 + Level 5.9 Invocations
 + Level 5.4 Evocations
 + Level 8.0 Shapeshifting


You had 19 spell levels left.
You didn't know any spells.
Your spell library contained the following spells:

 Spells                   Type           Power      Damage    Failure   Level
 Summon Small Mammal      Summ           32%        N/A       14%         1
 Call Canine Familiar     Summ           8%         N/A       41%         3
 Inner Flame              Hex/Fire       8%         N/A       41%         3
 Ozocubu's Armour         Ice            8%         N/A       41%         3
 Summon Guardian Golem    Hex/Summ       8%         N/A       41%         3
 Yara's Violent Unravell  Hex/Tmut       4%         3d4       99%         5
 Enfeeble                 Hex            4%         N/A       100%        7
 Ozocubu's Refrigeration  Ice            4%         4d8       100%        7


Dungeon Overview and Level Annotations

Branches:
Dungeon (9/15)             Temple (0/1) D:7            Lair (0/5) D:9
  Sewer (visited)
    Orc: D:9-12

Altars:
Ashenzari
Gozag
Kikubaaqudgha
Makhleb
Nemelex Xobeh
Qazlal
Sif Muna
Wu Jian
Zin

Shops:
D:5 *


Innate Abilities, Weirdness & Mutations

You are a hulking beast.
Your limbs bulge with bestial killing power. (Slay +5)
You have very sharp teeth.
Your uncanny sense of smell can sniff out nearby items.
Your experience applies equally to all skills.


Message History

Something hits you.
You closely miss something.
The troll is distracted by your dazzling golden aura.
You closely miss something.
You hear a shout!
The troll shouts!
The troll is no longer distracted by gold.
You hear some strange, mumbled words.
A puff of flame appears from out of thin air!
The puff of flame hits you!
You puncture something!
You hear some strange, mumbled words.
You are confused.
The troll bites you! The troll claws you.
* * * LOW HITPOINT WARNING * * *
The troll claws you.
* * * LOW HITPOINT WARNING * * *
You are too confused!
Unknown command.
Unknown command.
Unknown command.
You hear some strange, mumbled words.
Something tries to affect you, but you resist.
The troll misses you. The troll barely misses you. The troll claws you.
* * * LOW HITPOINT WARNING * * *
Something hits you but does no damage. The troll barely misses you.
The troll claws you.
* * * LOW HITPOINT WARNING * * *
The troll barely misses you.
You feel better. The troll bites you!
* * * LOW HITPOINT WARNING * * *
The troll misses you. x2
You feel better.
You hear some strange, mumbled words.
A magic dart appears from out of thin air!
The magic dart hits you!
* * * LOW HITPOINT WARNING * * *
The orc completely misses you. The troll barely misses you.
The troll claws you!
You die...
Your body crumbles into a pile of gold.

..#
..~..~...........
#.#
.[......~......T.
#.# ##...##..######
#.# ###..o.##
#.##### ###T##
#.....### #$#
#.......# #$#
......#.# ###'######
........# #....Th..#
.....#..###.$..o{..#
.....##..##$.......#
.........$'$.......#
.........$#........+
##.....(..#........#
##......########+##
#.....## #......


You could see a troll and an orc.

Vanquished Creatures
  Erica (D:8)
  Pikel (D:7)
  A kobold demonologist (D:8)
  A hornet (D:8)
  Grinder (D:3)
  Eustachio (D:6)
  A steam dragon (D:9)
  Duvessa (D:7)
  A sky beast (D:7)
  3 ice beasts
  2 black bears
  A centaur (D:7)
  4 ogres
  2 wolves (D:9)
  A lemure (D:7)
  A phantom (D:4)
  A kobold brigand (D:7)
  A bullfrog (D:6)
  2 scorpions
  Dowan (D:7)
  5 killer bees (D:9)
  A howler monkey (D:6)
  5 hounds
  A gnoll bouda (D:6)
  An orc priest (D:7)
  An iguana (D:3)
  4 sleepcaps
  Natasha (thrice) (D:2)
  7 orc wizards
  A malarious merfolk avatar (Sewer)
  A sickly merfolk siren (Sewer)
  Robin (D:2)
  4 gnolls (D:6)
  8 adders
  2 river rats (Sewer)
  5 worms
  2 dart slugs
  20 orcs
  8 ball pythons
  2 endoplasms
  7 giant cockroaches
  12 goblins
  9 hobgoblins
  4 jackals (D:2)
  4 quokkas
  6 bats
  6 frilled lizards
  10 kobolds
  32 rats
200 creatures vanquished.

Notes
Turn   | Place    | Note
-------+----------+-------------------------------------------
     0 | D:1      | dolemite99 the Gnoll Shapeshifter began the quest for the
                  | Orb.
     0 | D:1      | Reached XP level 1. HP: 20/20 MP: 1/1
    51 | D:1      | Reached XP level 2. HP: 20/26 MP: 2/2
   172 | D:1      | Found a faded altar of an unknown god.
   293 | D:1      | Reached XP level 3. HP: 28/31 MP: 3/3
   793 | D:2      | Reached skill level 1 in Invocations
   806 | D:2      | Noticed Robin
  1124 | D:2      | Noticed Natasha
  1135 | D:2      | Killed Natasha
  1136 | D:2      | Reached skill level 1 in Short Blades
  1136 | D:2      | Reached skill level 1 in Long Blades
  1136 | D:2      | Reached skill level 1 in Axes
  1136 | D:2      | Reached skill level 1 in Maces & Flails
  1136 | D:2      | Reached skill level 1 in Polearms
  1136 | D:2      | Reached skill level 1 in Staves
  1136 | D:2      | Reached skill level 1 in Ranged Weapons
  1136 | D:2      | Reached skill level 1 in Throwing
  1136 | D:2      | Reached skill level 1 in Armour
  1136 | D:2      | Reached skill level 1 in Stealth
  1136 | D:2      | Reached skill level 1 in Shields
  1136 | D:2      | Reached skill level 1 in Spellcasting
  1136 | D:2      | Reached skill level 1 in Evocations
  1136 | D:2      | Reached XP level 4. HP: 25/38 MP: 5/5
  1272 | D:2      | Found a sparkling altar of Nemelex Xobeh.
  1282 | D:2      | Reached skill level 1 in Conjurations
  1282 | D:2      | Reached skill level 1 in Hexes
  1282 | D:2      | Reached skill level 1 in Summonings
  1282 | D:2      | Reached skill level 1 in Necromancy
  1282 | D:2      | Reached skill level 1 in Translocations
  1282 | D:2      | Reached skill level 1 in Transmutations
  1282 | D:2      | Reached skill level 1 in Fire Magic
  1282 | D:2      | Reached skill level 1 in Ice Magic
  1282 | D:2      | Reached skill level 1 in Air Magic
  1282 | D:2      | Reached skill level 1 in Earth Magic
  1282 | D:2      | Reached skill level 1 in Poison Magic
  1305 | D:2      | Killed Robin
  1350 | D:2      | Noticed Natasha
  1359 | D:2      | Killed Natasha
  1360 | D:2      | Reached XP level 5. HP: 32/43 MP: 5/7
  1459 | D:2      | Noticed Natasha
  1471 | D:2      | Killed Natasha
  1987 | D:3      | Found a stormy altar of Qazlal.
  2272 | D:3      | Noticed Grinder
  2279 | D:3      | Paralysed by Grinder for 2 turns
  2286 | D:3      | Killed Grinder
  2287 | D:3      | Reached skill level 5 in Fighting
  2287 | D:3      | Reached skill level 5 in Dodging
  2287 | D:3      | Reached skill level 5 in Unarmed Combat
  2287 | D:3      | Reached XP level 6. HP: 30/51 MP: 7/9
  2811 | D:3      | Identified a scroll of acquirement
  2811 | D:3      | Acquired the +8 arc blade {discharge, rElec}
  2811 | D:3      | Found the +8 arc blade {discharge, rElec}
  2877 | D:4      | Found a glowing drain.
  2904 | Sewer    | Entered a sewer
  2967 | Sewer    | Reached XP level 7. HP: 46/56 MP: 10/10
  3530 | D:4      | Found a burning altar of Makhleb.
  3615 | D:4      | Reached skill level 7 in Shapeshifting
  3669 | D:4      | Identified the amulet of Uskemne {Spirit Drain +Inv rN+
                  | Str+7}
  3747 | D:4      | Reached XP level 8. HP: 60/63 MP: 12/12
  3912 | D:5      | Entered Level 5 of the Dungeon
  3965 | D:5      | Found Acluet's Lightly-Used Armoury.
  4341 | D:5      | Found a glowing silver altar of Zin.
  5242 | D:6      | Found an opulent altar of Gozag.
  5243 | D:6      | Found a sparkling altar of Nemelex Xobeh.
  5243 | D:6      | Noticed Eustachio
  5267 | D:6      | Killed Eustachio
  5268 | D:6      | Reached XP level 9. HP: 53/69 MP: 14/14
  5525 | D:6      | Became a worshipper of Gozag Ym Sagoz the Greedy
  5705 | D:7      | Noticed Pikel
  5706 | D:7      | Noticed Duvessa
  5707 | D:7      | Noticed Dowan
  5714 | D:7      | Killed Pikel
  5716 | D:7      | Killed Duvessa
  5726 | D:7      | Found a broken altar of Ashenzari.
  5727 | D:7      | Killed Dowan
  6396 | D:7      | Found a staircase to the Ecumenical Temple.
  6416 | D:7      | Reached skill level 5 in Invocations
  7138 | D:8      | Noticed a kobold demonologist
  7144 | D:8      | Killed a kobold demonologist
  7272 | D:8      | Noticed a hornet
  7274 | D:8      | Paralysed by a hornet for 1 turns
  7278 | D:8      | Killed a hornet
  7279 | D:8      | Reached XP level 10. HP: 17/77 MP: 17/17
  7764 | D:8      | Noticed Erica
  7788 | D:8      | Killed Erica
  7788 | D:8      | HP: 5/115 [poisoned by Erica (bolt of poison)]
  7789 | D:8      | Reached skill level 5 in Short Blades
  7789 | D:8      | Reached skill level 5 in Long Blades
  7789 | D:8      | Reached skill level 5 in Axes
  7789 | D:8      | Reached skill level 5 in Maces & Flails
  7789 | D:8      | Reached skill level 5 in Polearms
  7789 | D:8      | Reached skill level 5 in Staves
  7789 | D:8      | Reached skill level 5 in Ranged Weapons
  7789 | D:8      | Reached skill level 5 in Throwing
  7789 | D:8      | Reached skill level 5 in Armour
  7789 | D:8      | Reached skill level 5 in Stealth
  7789 | D:8      | Reached skill level 5 in Shields
  7789 | D:8      | Reached skill level 5 in Spellcasting
  7789 | D:8      | Reached skill level 5 in Evocations
  8223 | D:8      | Found a shimmering blue altar of Sif Muna.
  8232 | D:8      | Found an ancient bone altar of Kikubaaqudgha.
  8239 | D:8      | Identified the +8 chain mail of the Vestibule of Hell
                  | {rF+++ rC+ Int-5 Dex+8}
  8528 | D:8      | Found an ornate altar of the Wu Jian Council.
  8745 | D:9      | Reached skill level 8 in Shapeshifting
  8878 | D:9      | Found a staircase to the Lair.
  8902 | D:9      | Slain by a troll

Illustrated notes

Levels and vault maps discovered:
D:1:      amcnicky_arrival_underground_garden, layout_rooms,
          hellmonk_ecumenical_altar_run_dry
D:2:      layout_rooms, basic_altar, uniq_natasha, uniq_robin
D:3:      layout_rooms, overflow_temple_1_default, st_stairs_2,
          minmay_door_square, uniq_grinder
D:4:      layout_basic, makhleb_heckhound_becter, cheibrodos_sewer_entry_bend
D:5:      layout_rooms, mainiacjoe_overflow_tiny_flanked, minmay_shop_damaged,
          kennysheep_nub, roderic_serpentine_path
D:6:      layout_loops_cross, grunt_temple_overflow_opulence, minivault_11,
          uniq_eustachio
D:7:      layout_basic, nicolae_ashenzari_panopticon,
          minmay_temple_entry_proselytizer, uniq_pikel, uniq_duvessa
D:8:      layout_loops_cross, lemuel_crystal_altar,
          mainiacjoe_overflow_large_starburst, kennysheep_flooded_box,
          minmay_misc_feat_pillars, uniq_erica
D:9:      layout_roguey, erik_lair_island, orc_0_dummy,
          kennysheep_decorative_pillar, uniq_erolcha, uniq_harold

Skill      XL: |  1  2  3  4  5  6  7  8  9 10 |
---------------+-------------------------------+-----
Invocations    | 1 2 3 4 5 |  5.9
Short Blades   | 1 2 3 4 5 |  5.4
Long Blades    | 1 2 3 4 5 |  5.4
Axes           | 1 2 3 4 5 |  5.4
Maces & Flails | 1 2 3 4 5 |  5.4
Polearms       | 1 2 3 4 5 |  5.4
Staves         | 1 2 3 4 5 |  5.4
Ranged Weapons | 1 2 3 4 5 |  5.4
Throwing       | 1 2 3 4 5 |  5.4
Armour         | 1 2 3 4 5 |  5.4
Stealth        | 1 2 3 4 5 |  5.4
Shields        | 1 2 3 4 5 |  5.4
Spellcasting   | 1 2 3 4 5 |  5.4
Evocations     | 1 2 3 4 5 |  5.4
Conjurations   | 1 2 3 4 |  4.4
Hexes          | 1 2 3 4 |  4.4
Summonings     | 1 2 3 4 |  4.4
Necromancy     | 1 2 3 4 |  4.4
Translocations | 1 2 3 4 |  4.4
Transmutations | 1 2 3 4 |  4.4
Fire Magic     | 1 2 3 4 |  4.4
Ice Magic      | 1 2 3 4 |  4.4
Air Magic      | 1 2 3 4 |  4.4
Earth Magic    | 1 2 3 4 |  4.4
Poison Magic   | 1 2 3 4 |  4.4
Fighting       | 5 6 7 |  7.1
Dodging        | 5 6 7 |  7.1
Unarmed Combat | 5 6 7 |  7.1
Shapeshifting  | 7 8 |  8.0

Action                     |  1- 3 |  4- 6 |  7- 9 | 10-12 || total
---------------------------+-------+-------+-------+-------++-------
  Melee: Unarmed           |    25 |     7 |       |       ||    32
         Bite              |    10 |    10 |    14 |     5 ||    39
         Dagger            |    52 |    74 |       |       ||   126
         Punch             |       |     5 |     2 |     2 ||     9
         Rapier            |       |    25 |   175 |    71 ||   271
  Evoke: Wand              |       |       |     2 |       ||     2
    Use: Scroll            |       |     7 |     3 |       ||    10
         Potion            |       |     1 |     1 |     4 ||     6
   Stab: Sleeping          |     1 |       |     1 |       ||     2
         Paralysed         |       |       |     1 |       ||     1
 Armour: Animal skin       |    11 |       |       |       ||    11
         Scale mail        |    12 |    44 |    61 |    21 ||   138
         Skin              |       |     5 |     3 |     4 ||    12
  Dodge: Dodged            |    60 |    54 |    95 |    50 ||   259

Table legend: (Time is in decaauts)
 A = Elapsed time spent in this place.
 B = Non-inter-level travel time spent in this place.
 C = Inter-level travel time spent in this place.
 D = Time resting spent in this place.
 E = Time spent auto-exploring this place.
 F = Levels seen in this place.
 G = Mean time per level.
                   A        B        C        D        E       F      G
               +--------+--------+--------+--------+--------+-----+--------+
         Total |   8971 |   8619 |    352 |   2817 |   4301 |  10 |  897.1 |
       Dungeon |   8448 |   8096 |    352 |   2817 |   4023 |   9 |  938.7 |
         Sewer |    523 |    523 |      0 |      0 |    278 |   1 |  523.0 |
               +--------+--------+--------+--------+--------+-----+--------+

Top non-repeatable levels by time:
     D:8: 1564 daAuts
     D:7: 1389 daAuts
     D:6: 1090 daAuts
     D:2: 974 daAuts
     D:1: 942 daAuts
     D:3: 918 daAuts
     D:5: 681 daAuts
     D:4: 624 daAuts
   Sewer: 523 daAuts
     D:9: 263 daAuts
